 Dungeon Crawl Stone Soup version 0.23.2-1-ga50397a (webtiles) character file.

Game seed: 1424837616136102703

366 Reg1 the Chopper (level 6, -2/56 HPs)
             Began as a Hill Orc Monk on May 23, 2019.
             Was a Priest of Elyvilon.
             Slain by an orc warrior
             ... wielding a +0 mace of draining
              (21 damage)
             ... on level 4 of the Dungeon.
             The game lasted 00:24:07 (5588 turns).

Reg1 the Chopper (Hill Orc Monk)                    Turns: 5588, Time: 00:24:08

Health: -2/56      AC:  6    Str: 16    XL:     6   Next: 68%
Magic:  3/7        EV:  9    Int:  7    God:    Elyvilon [***...]
Gold:   226        SH:  0    Dex: 18    Spells: 5/5 levels left

rFire    + . .     SeeInvis .   a - +1 hand axe
rCold    x . .     Gourm    .   (no shield)
rNeg     . . .     Faith    .   g - +0 scale mail
rPois    .         Spirit   .   (no helmet)
rElec    .         Reflect  .   (no cloak)
rCorr    .         Harm     .   (no gloves)
MR       .....                  (no boots)
Stlth    +.........             (no amulet)
HPRegen  0.18/turn              i - ring of Jiwu {Fire +Blink Int-3 Dex+5 Stlth+}
MPRegen  0.10/turn              (no ring)

@: very slightly contaminated, extremely drained, invisible
A: no striking features
a: Lesser Healing, Heal Other, Purification, Divine Protection, Renounce
Religion, Evoke Blink


You were on level 4 of the Dungeon.
You worshipped Elyvilon.
Elyvilon was most pleased with you.
You were not hungry.

You visited 1 branch of the dungeon, and saw 4 of its levels.

You collected 226 gold pieces.

Inventory:

Hand Weapons
 a - a +1 hand axe (weapon)
Armour
 b - a +0 robe
 g - a +0 scale mail (worn)
 p - a +0 large shield
Jewellery
 i - the ring of Jiwu (left hand) {Fire +Blink Int-3 Dex+5 Stlth+}
   (You found it on level 4 of the Dungeon)

   [ring of fire]

   It enhances your fire magic.
   It affects your intelligence (-3).
   It affects your dexterity (+5).
   It protects you from fire.
   It makes you vulnerable to cold.
   It lets you blink.
   It makes you more stealthy.
 k - an uncursed ring of stealth
Scrolls
 d - 2 scrolls of magic mapping
 f - a scroll of identify
 j - a scroll of immolation
Potions
 e - a potion of mutation {unknown}
 n - a potion of curing {unknown}
Comestibles
 c - 5 rations


   Skills:
 + Level 5.2(0.0) Fighting
 + Level 5.9(0.0) Axes
 + Level 3.2(0.0) Armour
 + Level 3.3(0.0) Dodging
 + Level 1.6(0.0) Stealth
 * Level 2.4(0.0) Invocations


You had 5 spell levels left.
You didn't know any spells.
Your spell library was empty.

Dungeon Overview and Level Annotations

Branches:
Dungeon (4/15)
 Temple: D:4-7

Altars:
Cheibriados
Elyvilon
Fedhas
Okawaru
Sif Muna
Trog
Wu Jian

Annotations:
D:3 exclusion: oklob plant


Message History

You closely miss the orc. The orc hits you but does no damage.
The orc misses you.
You barely miss the orc.
You hit the orc warrior but do no damage.
The orc warrior is almost dead.
You barely miss the orc warrior.
The orc warrior is almost dead.
The orc warrior hits you with a +0 mace of draining.
You feel drained.
You catch the helpless orc warrior completely off-guard!
You hit the orc warrior but do no damage.
The orc warrior is almost dead.
The orc warrior completely misses you.
The orc warrior hits you but does no damage.
You feel drained.
You catch the helpless orc warrior completely off-guard!
You hit the orc warrior but do no damage.
The orc warrior is almost dead.
The orc warrior hits you with a +0 mace of draining!!
You die...

#.......# #.# #########
#.# #.# #.# #.# ########
#.# ### #......#
#.######..
#.####o#########.........
## #.#
#.oo@.........#####.. .#
#o# #..#######.....# ###
.# #.# #..# ##...## .#
#o###..# ##.## .#
#......# #.# .# #####.##
#.# .# #.# ##'## .#
*#.#******##...## .###
*...,,,,,##.....##


You could see an orc warrior and 2 orcs.

Vanquished Creatures
  Blork the orc (D:4)
  An orc priest (D:3)
  3 orc wizards (D:4)
  9 adders
  2 oozes
  2 worms (D:2)
  A dart slug (D:1)
  A leopard gecko (D:4)
  17 orcs
  5 giant cockroaches
  3 goblins
  4 hobgoblins
  4 jackals (D:4)
  3 quokkas
  A ball python (D:2)
  2 bats (D:3)
  A frilled lizard (D:3)
  8 kobolds
  4 rats
72 creatures vanquished.

Notes
Turn   | Place    | Note
-------+----------+-------------------------------------------
     0 | D:1      | Reg1 the Hill Orc Monk began the quest for the Orb.
     0 | D:1      | Reached XP level 1. HP: 19/19 MP: 1/1
   197 | D:1      | Reached XP level 2. HP: 22/27 MP: 2/2
   716 | D:2      | Reached XP level 3. HP: 28/33 MP: 3/3
  1359 | D:2      | Found a white marble altar of Elyvilon.
  1374 | D:2      | Became a worshipper of Elyvilon the Healer
  1374 | D:2      | Reached * piety under Elyvilon
  1374 | D:2      | Reached ** piety under Elyvilon
  1691 | D:2      | Reached skill level 1 in Armour
  1730 | D:2      | Reached XP level 4. HP: 34/40 MP: 4/4
  1921 | D:2      | Found an iron altar of Okawaru.
  2081 | D:3      | Reached skill level 5 in Axes
  2360 | D:3      | Found a faded altar of an unknown god.
  2375 | D:3      | Reached skill level 1 in Invocations
  2473 | D:3      | Noticed an ogre
  3127 | D:3      | Elyvilon protects you from harm!
  3230 | D:3      | Reached XP level 5. HP: 14/47 MP: 4/6
  3516 | D:3      | HP: 2/47 [orc priest/divine providence (10)]
  3808 | D:3      | Found a snail-covered altar of Cheibriados.
  3907 | D:3      | Found a deep blue altar of Sif Muna.
  3934 | D:3      | Reached *** piety under Elyvilon
  3997 | D:3      | Found a bloodstained altar of Trog.
  4008 | D:3      | Found a blossoming altar of Fedhas.
  4018 | D:3      | Noticed an oklob plant
  4232 | D:4      | Reached skill level 5 in Fighting
  4470 | D:4      | Found an ornate altar of the Wu Jian Council.
  4492 | D:4      | Reached XP level 6. HP: 28/56 MP: 7/7
  4784 | D:4      | Got a shimmering jade ring
  4980 | D:4      | Reached **** piety under Elyvilon
  4983 | D:4      | Identified the ring of Jiwu {Fire +Blink Int-3 Dex+5
                  | Stlth+} (You found it on level 4 of the Dungeon)
  4998 | D:4      | Noticed Blork the orc
  5010 | D:4      | Killed Blork the orc
  5519 | D:4      | Noticed an orc warrior
  5560 | D:4      | Elyvilon protects you from harm!
  5563 | D:4      | Elyvilon protects you from harm!
  5580 | D:4      | HP: 2/56 [orc warrior/+0 mace of draining (1)]
  5588 | D:4      | Slain by an orc warrior

Skill      XL: |  1  2  3  4  5  6 |
---------------+-------------------+-----
Fighting       | 4 5 |  5.2
Armour         | 1 2 3 |  3.2
Axes           | 5 |  5.9
Invocations    | 1 2 |  2.4
Dodging        | 3 |  3.3
Stealth        | |  1.6

Action                   |  1- 3 |  4- 6 || total
-------------------------+-------+-------++-------
Melee: Hand axe          |   123 |   279 ||   402
Invok: Lesser Healing    |       |     4 ||     4
       Greater Healing   |       |     4 ||     4
       Divine Protection |       |     1 ||     1
  Use: Scroll            |     2 |     8 ||    10
       Potion            |     3 |     4 ||     7
 Stab: Invisible         |       |     3 ||     3
  Eat: Chunk             |     2 |     8 ||    10
       Ration            |       |     2 ||     2
Armor: Robe              |     3 |       ||     3
       Scale mail        |    35 |   120 ||   155
Dodge: Dodged            |    53 |   161 ||   214
